 Dungeon Crawl Stone Soup version 0.23-a0-481-g60b89c1 (webtiles) character file.

76 theanonym the Poker (level 4, -5/30 HPs)
             Began as a Mummy Warper on Nov 30, 2018.
             Was a Follower of Hepliaklqana.
             Slain by an iguana (9 damage)
             ... on level 3 of the Dungeon.
             The game lasted 00:03:38 (2794 turns).

theanonym the Poker (Mummy Warper)                  Turns: 2794, Time: 00:03:40

Health: -5/30      AC: 10    Str: 15    XL:     4   Next: 12%
Magic:  6/8        EV:  1    Int: 12    God:    Hepliaklqana [*.....]
Gold:   171        SH:  7    Dex: 17    Spells: 8/8 levels left

rFire    . . .     SeeInvis .   a - +0 spear
rCold    + . .     Gourm    .   c - +0 shield
rNeg     + + +     Faith    .   p - +0 plate armour
rPois    ∞         Spirit   .   (no helmet)
rElec    .         Reflect  .   (no cloak)
rCorr    .         Harm     .   (no gloves)
MR       .....                  (no boots)
Stlth    ..........             (no amulet)
HPRegen  0.10/turn              j - ring of protection from fire
MPRegen  0.11/turn              o - +6 ring of dexterity

@: no status effects
A: no food or potions, fire vulnerability, reduced essence, cold resistance 1,
negative energy resistance 3, torment resistance, unbreathing
a: Recall Ancestor, Ancestor Identity, Renounce Religion


Innate Abilities, Weirdness & Mutations

You do not eat or drink.
Your flesh is vulnerable to fire.
You are immune to poison.
Your flesh is cold resistant. (rC+)
You are immune to negative energy. (rN+++)
You are immune to unholy pain and torment.
You can survive without breathing.
Your life essence is reduced to manifest your ancestor. (-10% HP)


   Skills:
 + Level 2.9 Fighting
 * Level 3.0 Polearms
 - Level 0.7 Throwing
 - Level 0.7 Armour
 - Level 1.5 Dodging
 + Level 0.5 Shields
 - Level 2.6 Spellcasting
   Level 2.4 Translocations


You had 8 spell levels left.
You didn't know any spells.
Your spell library contained the following spells:

 Spells                   Type           Power        Failure   Level  Hunger
 Blink                    Tloc           N/A          100%        2    N/A
 Shroud of Golubria       Chrm/Tloc      #.........   100%        2    N/A
 Gell's Gravitas          Tloc           #.........   100%        3    N/A
 Lesser Beckoning         Tloc           #.........   100%        3    N/A
 Teleport Other           Tloc           #.......     100%        3    N/A
 Passage of Golubria      Tloc           N/A          100%        4    N/A

Skill      XL: |  1  2  3 |
---------------+----------+-----
Polearms       | 2 3 |  3.0
Fighting       | |  2.9
Throwing       | |  0.7
Armour         | |  0.7
Dodging        | |  1.5
Shields        | |  0.5
Spellcasting   | |  2.6
Translocations | |  2.4

Action                   |  1- 3 |  4- 6 || total
-------------------------+-------+-------++-------
Melee: Spear             |   200 |    32 ||   232
Invok: Ancestor Identity |     1 |       ||     1
       Recall Ancestor   |       |     3 ||     3
  Use: Scroll            |     2 |       ||     2
 Stab: Distracted        |     2 |       ||     2
Armor: Leather armour    |    20 |       ||    20
       Ring mail         |    13 |       ||    13
       Plate armour      |    45 |    14 ||    59
Dodge: Dodged            |    67 |     1 ||    68
Block: Shield            |    11 |    11 ||    22
       Buckler           |     6 |       ||     6

Inventory:

Hand Weapons
 a - a +0 spear (weapon)
Missiles
 e - 5 tomahawks of dispersal (quivered)
Armour
 c - a +0 shield (worn)
   (You took it off a kobold on level 3 of the Dungeon)
 k - a +0 buckler
   (You found it on level 2 of the Dungeon)
 p - a +0 plate armour (worn)
   (You found it on level 3 of the Dungeon)
Jewellery
 j - a ring of protection from fire (left hand)
   (You found it on level 2 of the Dungeon)
 o - a +6 ring of dexterity (right hand)
   (You found it on level 3 of the Dungeon)
Scrolls
 b - a scroll of teleportation {unknown}
 f - a scroll of immolation {unknown}
 h - a scroll of random uselessness {unknown}
 i - a scroll of enchant armour {unknown}
 l - 3 scrolls of identify {unknown}
 m - a scroll of noise {unknown}
 n - a scroll of magic mapping {unknown}
 B - a scroll of blinking


You were on level 3 of the Dungeon.
You worshipped Hepliaklqana.
Hepliaklqana was aware of your devotion.
You were not hungry.

You visited 1 branch of the dungeon, and saw 4 of its levels.

You collected 171 gold pieces.

Dungeon Overview and Level Annotations

Branches:
Dungeon (4/15)
 Temple: D:4-7

Altars:
Hepliaklqana
Sif Muna
Uskayaw

Annotations:
D:3 1 runed door, MisterFreud's ghost, weakling DgCj

.......##.#.##.##.........##.#.#.
....#####.#.##.##.#.#........##.#
....# #...##.##.#.#.#.#########
....# #...##............#######
.>).#####...##............##.....
...................#..#...##.....
...................#.............
###..............l.#.#.#..##.....
###.###.........@R.<......##.....
....# #.#...#.######......#######
##### #.#...#.# ###....#
#.#...#.# #..#.####### #.#...#.#
##...#...... #######.......#
##.##...... ..............#####
#.##.###.# .#####.......%.##.##
#......... .#...#.............#
####.###.#


You could see the friendly Piston the ancestor and an iguana.

Notes
Turn   | Place    | Note
-------+----------+-------------------------------------------
     0 | D:1      | theanonym the Mummy Warper began the quest for the Orb.
     0 | D:1      | Reached XP level 1. HP: 16/16 MP: 4/4
    70 | D:1      | Reached skill level 2 in Polearms
    72 | D:1      | Reached XP level 2. HP: 15/22 MP: 5/5
   120 | D:1      | HP: 9/22 [hobgoblin (3)]
   723 | D:2      | Found a hazy altar of Hepliaklqana.
   727 | D:2      | Became a worshipper of Hepliaklqana the Forgotten
   927 | D:2      | Reached XP level 3. HP: 25/25 MP: 7/7
  1072 | D:2      | Found a hide-covered altar of Uskayaw.
  1086 | D:2      | Reached * piety under Hepliaklqana
  1187 | D:2      | Found a deep blue altar of Sif Muna.
  1306 | D:2      | theanonym: ??hepl wrath
  1306 | D:2      | beem: hepl wrath ~ hep wrath ~ hepliaklqana wrath[1/1]:
                  | Prevent all XP gain (Level experience AND Skill
                  | Experience). Lasts until enough XP has been penalized.
                  | Total cost as Ash wrath. You keep frail 1 (from worshipping
                  | Hep) until the wrath ends.
  1862 | D:3      | Found a runed door.
  1867 | D:3      | Noticed MisterFreud's ghost (weakling DgCj)
  2183 | D:3      | Reached skill level 3 in Polearms
  2183 | D:3      | Reached XP level 4. HP: 24/30 MP: 8/8
  2377 | D:4      | HP: 13/30 [iguana (10)]
  2579 | D:4      | HP: 9/30 [orc priest/divine providence (16)]
  2788 | D:4      | HP: 13/30 [iguana (4)]
  2793 | D:3      | HP: 4/30 [iguana (9)]
  2794 | D:3      | Slain by an iguana

Vanquished Creatures
  An ooze (D:3)
  A dart slug (D:2)
  2 leopard geckos
  2 orcs (D:3)
  A giant cockroach (D:1)
  6 goblins
  6 hobgoblins
  3 jackals (D:3)
  2 quokkas
  A ball python (D:3)
  5 bats
  2 frilled lizards
  6 kobolds
  10 rats
48 creatures vanquished.

Vanquished Creatures (collateral kills)
  A dart slug (D:3)
  A leopard gecko (D:3)
  3 orcs
  A goblin (D:2)
6 creatures vanquished.

Grand Total: 54 creatures vanquished

Table legend:
 A = Turns spent in this place as a percentage of turns spent in the entire game.
 B = Non-inter-level travel turns spent in this place as a percentage of non-inter-level travel turns spent in the entire game.
 C = Inter-level travel turns spent in this place as a percentage of turns spent in this place.
 D = Turns resting spent in this place as a percentage of non-inter-level travel turns spent in this place.
 E = Turns spent auto-exploring this place as a percentage of non-inter-level travel turns spent in this place.
 F = Non-inter-level travel turns spent in this place divided by the number of levels of this place that you've seen.
                   A       B       C       D       E      F
               +-------+-------+-------+-------+-------+----------------------
         Total | 100.0 | 100.0 |   2.9 |  29.2 |  54.5 | 678.2
       Dungeon | 100.0 | 100.0 |   2.9 |  29.2 |  54.5 | 678.2
               +-------+-------+-------+-------+-------+----------------------
